 Dungeon Crawl Stone Soup version 0.29-a0-333-gb4c28e87c6 (webtiles) character file.

Game seed: 15563428384030146667

421 Jortsu the Chopper (level 6, 0/48 HPs)
             Began as a Demonspawn Fighter on Apr 13, 2022.
             Was an Initiate of Ashenzari.
             Slain by an orc warrior
             ... wielding a +2 vorpal long sword
              (3 damage)
             ... on level 4 of the Dungeon.
             The game lasted 00:05:38 (3683 turns).

Jortsu the Chopper (Demonspawn Fighter)             Turns: 3683, Time: 00:05:39

Health: 0/48       AC: 13    Str: 18    XL:     6   Next: 62%
Magic:  6/6        EV:  7    Int:  9    God:    Ashenzari [......]
Gold:   279        SH:  4    Dex: 13    Spells: 5/5 levels left

rFire   . . .      SeeInvis .   a - +0 war axe
rCold   . . .      Faith    .   c - +0 buckler "Ensconced Paranoia" {Melee, Bglg} (curse)
rNeg    . . .      Spirit   .   h - +0 chain mail
rPois   .          Reflect  .   i - +0 helmet
rElec   .          Harm     .   (no cloak)
rCorr   .          Rampage  .   (no gloves)
Will    .....                   u - +2 pair of boots
Stlth   ..........              (no amulet)
HPRegen 0.16/turn               (no ring)
MPRegen 0.10/turn               (no ring)

@: no status effects
A: demonic guardian 2
a: Renounce Religion, Curse Item, Shatter the Chains


You were on level 4 of the Dungeon.
You worshipped Ashenzari.
Ashenzari was noncommittal.
You visited 1 branch of the dungeon, and saw 4 of its levels.
You also visited: Sewer.

You collected 279 gold pieces.

Inventory:

Hand Weapons
 a - a +0 war axe (weapon)
Armour
 c - the cursed +0 buckler "Ensconced Paranoia" (worn) {Melee, Bglg}

   It has a curse which improves the following skills: Melee Combat: Short
   Blades, Long Blades, Axes, Maces & Flails, Polearms, Staves and Unarmed
   Combat.
   Beguiling: Conjurations, Hexes and Translocations.
 h - a +0 chain mail (worn)
 i - a +0 helmet (worn)
 u - a +2 pair of boots (worn)
Jewellery
 l - the ring of Dim Light {Str+6 Int+4}
   (You found it on level 2 of the Dungeon)

   [ring of strength]

   Str:       It affects your strength (+6).
   Int:       It affects your intelligence (+4).
 o - a ring of fire
Scrolls
 e - a scroll of blinking
 g - 2 scrolls of enchant armour
 k - 2 scrolls of fear
 q - a scroll of torment
 r - 2 scrolls of enchant weapon {unknown}
 s - a scroll of brand weapon {unknown}
 v - a scroll of fog {unknown}
 w - a scroll of holy word {unknown}
Potions
 b - a potion of ambrosia
 d - a potion of might
 f - 2 potions of curing
 j - a potion of invisibility {unknown}
 m - 3 potions of lignification
 n - a potion of mutation {unknown}
 p - 2 potions of berserk rage {unknown}
 t - a potion of heal wounds {unknown}


   Skills:
 + Level 4.2 Fighting
 + Level 4.4(4.8) Axes
 + Level 4.2 Armour
 + Level 0.3 Dodging
 + Level 3.3 Shields


You had 5 spell levels left.
You didn't know any spells.
Your spell library contained the following spells:

 Spells                   Type           Power      Damage    Failure   Level
 Foxfire                  Conj/Fire      0%         2x1d4     100%        1
 Conjure Flame            Conj/Fire      0%         6-21      100%        3
 Dazzling Flash           Conj/Hex       0%         N/A       100%        3
 Inner Flame              Hex/Fire       0%         N/A       100%        3
 Flame Wave               Conj/Fire      0%         2d4       100%        4
 Iskenderun's Mystic Bla  Conj/Tloc      0%         2d3       100%        4
 Starburst                Conj/Fire      0%         6d3       100%        6


Dungeon Overview and Level Annotations

Branches:
Dungeon (4/15)              Sewer (visited)
 Temple: D:4-7

Altars:
Ashenzari
Sif Muna


Innate Abilities, Weirdness & Mutations

A demonic guardian rushes to your aid.


Message History

You feel sick. You block the adder's attack.
You slash the adder!
You kill the adder!
You feel sick.
You are no longer poisoned.
You see here an adder corpse.
An orc comes into view. It is wielding a +0 club.
The orc shouts!
An orc warrior comes into view. It is wielding a +2 vorpal long sword.
The orc hits you but does no damage.
You hit the orc but do no damage. The orc hits you but does no damage.
You slash the orc!
You kill the orc!
You hit the orc warrior. You block the orc warrior's attack.
You hit the orc warrior but do no damage.
The orc warrior is lightly wounded.
The orc warrior barely misses you.
You completely miss the orc warrior.
The orc warrior is lightly wounded.
The orc warrior hits you with a +2 vorpal long sword. x2
You hit the orc warrior but do no damage.
The orc warrior is lightly wounded.
The orc warrior closely misses you.
You closely miss the orc warrior.
The orc warrior is lightly wounded.
The orc warrior hits you with a +2 vorpal long sword.
You hit the orc warrior.
The orc warrior is moderately wounded.
The orc warrior hits you with a +2 vorpal long sword!
* * * LOW HITPOINT WARNING * * *
You closely miss the orc warrior.
The orc warrior is moderately wounded.
The orc warrior barely misses you.
The orc warrior hits you but does no damage.
You hit the orc warrior.
The orc warrior is moderately wounded.
The orc warrior hits you with a +2 vorpal long sword!
* * * LOW HITPOINT WARNING * * *
A demonic guardian appears!
You die...

...........##....#######..#......
###..†####............ ##)#....##
......####............ #......#
.........#........... ##.....#
.........#.##....#### #.....#
.........#.##)†..# ##....#
......##....#.4..# #....#
..#...##.####....# #....#
..#...##.# #...@# #....# #
#...##.# #....)o...... #....#
#...##.# #............ #.#
#............ .................
#.###............ ##########'## #
.. #


You could see an orc warrior (ally target) and a friendly hellwing (summoned).

Vanquished Creatures
  A scorpion (D:4)
  A hound (D:3)
  An orc wizard (D:4)
  3 adders
  A worm (D:3)
  7 dart slugs
  3 orcs
  7 bats
  3 endoplasms
  4 giant cockroaches
  5 goblins
  6 hobgoblins
  A jackal (Sewer)
  5 kobolds
  A quokka (D:3)
  8 ball pythons
  2 frilled lizards (D:1)
  7 rats
66 creatures vanquished.

Vanquished Creatures (collateral kills)
  A water moccasin (Sewer)
  An ice beast (D:4)
2 creatures vanquished.

Grand Total: 68 creatures vanquished

Notes
Turn   | Place    | Note
-------+----------+-------------------------------------------
     0 | D:1      | Jortsu the Demonspawn Fighter began the quest for the Orb.
     0 | D:1      | Reached XP level 1. HP: 18/18 MP: 1/1
   144 | D:1      | Gained mutation: A weak demonic guardian rushes to your
                  | aid. [demonic ancestry]
   144 | D:1      | Reached XP level 2. HP: 8/24 MP: 2/2
  1015 | D:2      | Found a shimmering blue altar of Sif Muna.
  1067 | D:2      | Identified the ring of Dim Light {Str+6 Int+4}
  1083 | D:2      | Gained mutation: A demonic guardian rushes to your aid.
                  | [demonic ancestry]
  1083 | D:2      | Reached XP level 3. HP: 28/29 MP: 3/3
  2046 | D:3      | Reached XP level 4. HP: 34/35 MP: 4/4
  2099 | D:3      | Found a faded altar of an unknown god.
  2105 | D:3      | Prayed at the altar of an unknown god.
  2105 | D:3      | Became a worshipper of Ashenzari the Shackled
  2507 | D:4      | Noticed an ice beast
  2522 | D:4      | Killed an ice beast
  2523 | D:4      | Reached XP level 5. HP: 5/41 MP: 5/5
  2946 | D:4      | Reached XP level 6. HP: 34/48 MP: 6/6
  2971 | D:4      | Found a glowing drain.
  2980 | Sewer    | Entered a sewer
  3077 | Sewer    | Noticed a water moccasin
  3095 | Sewer    | HP: 1/48 [water moccasin (4)]
  3095 | Sewer    | Killed a water moccasin
  3673 | D:4      | Noticed an orc warrior
  3683 | D:4      | Slain by an orc warrior

Illustrated notes

Levels and vault maps discovered:
D:1:      lemuel_arrival_room, layout_basic
D:2:      layout_loops_ring, basic_altar
D:3:      layout_rooms, dreamdust_ecumenical_altar_angels_and_demons
D:4:      layout_basic, gup_sewer_entry_bowl

Skill      XL: |  1  2  3  4  5 |
---------------+----------------+-----
Axes           | 2 3 4 |  4.4
Armour         | 3 4 |  4.2
Shields        | 3 |  3.3
Fighting       | 4 |  4.2
Dodging        | |  0.3

Action                   |  1- 3 |  4- 6 || total
-------------------------+-------+-------++-------
Melee: War axe           |   101 |   116 ||   217
Invok: Curse Item        |       |     1 ||     1
  Use: Scroll            |     5 |     4 ||     9
Armor: Scale mail        |    20 |       ||    20
       Chain mail        |    45 |    78 ||   123
Dodge: Dodged            |    35 |    36 ||    71
Block: Buckler           |    32 |    29 ||    61

Table legend: (Time is in decaauts)
 A = Elapsed time spent in this place.
 B = Non-inter-level travel time spent in this place.
 C = Inter-level travel time spent in this place.
 D = Time resting spent in this place.
 E = Time spent auto-exploring this place.
 F = Levels seen in this place.
 G = Mean time per level.
                   A        B        C        D        E       F      G
               +--------+--------+--------+--------+--------+-----+--------+
         Total |   3781 |   3735 |     46 |    777 |   2102 |   5 |  756.2 |
       Dungeon |   3311 |   3265 |     46 |    492 |   1985 |   4 |  827.8 |
         Sewer |    470 |    470 |      0 |    285 |    116 |   1 |  470.0 |
               +--------+--------+--------+--------+--------+-----+--------+

Top non-repeatable levels by time:
     D:1: 974 daAuts
     D:2: 887 daAuts
     D:4: 771 daAuts
     D:3: 677 daAuts
   Sewer: 470 daAuts
